ITL
TUSCALOOSA TROUT SLAYERS @ WABA DUCKS
07/24/2030
 
TOP OF THE 1ST
Tuscaloosa Trout Slayers batting - Pitching for Waba Ducks : RHP Jim Sykes
Pitching: RHP Jim Sykes
Batting: RHB José Pinto 0-0: Ball
1-0: SINGLE (Groundball, 34D)
Pitching: RHP Larry Stewart
Batting: RHB José Fernández 0-0: Called Strike
0-1: Ball
1-1: Ball
2-1: Swinging Strike
2-2: Ball
3-2: Base on Balls
José Pinto to second
Batting: LHB Manuel Ortega 0-0: SINGLE (Line Drive, 8RS)
José Pinto to third
José Fernández to second
Batting: LHB Ed Hart 0-0: Called Strike
0-1: SINGLE (Line Drive, 34)
José Pinto scores
José Fernández to third
Manuel Ortega to second
Batting: LHB Marcos Villarreal 0-0: Called Strike
0-1: Ball
1-1: Called Strike
1-2: Strikes out looking
Batting: LHB Ethan Shaw 0-0: Fly out, F7 (Flyball, 78M)
Runner from 3rd tags up, SCORES, throw made
Batting: RHB Augusto Baca 0-0: Called Strike
0-1: Fly out, F7 (Flyball, 78M)
Top of the 1st over - 2 runs, 3 hits, 0 errors, 2 left on base; Tuscaloosa 2 - Waba 0
BOTTOM OF THE 1ST
Waba Ducks batting - Pitching for Tuscaloosa Trout Slayers : RHP Rafael Ramírez
Pitching: RHP Rafael Ramírez
Batting: SHB António Cortéz 0-0: Ball
1-0: Ball
2-0: Ball
3-0: Base on Balls
Batting: RHB Jesús Dávila Balk!
António Cortéz to second
0-0: Ball
1-0: Ball
2-0: Foul Ball, location: 2F
2-1: Ball
3-1: Called Strike
3-2: Strikes out looking
Batting: LHB Don Ramey 0-0: Ball
1-0: Fly out, F8 (Flyball, 89M)
Runner from 2nd tags up, SAFE at 3rd with throw
Batting: RHB Pedro Guzmán 0-0: Foul Ball, location: 2F
0-1: 2-RUN HOME RUN (Flyball, 78XD), Distance : 367 ft
Batting: SHB Garrett Waller 0-0: Ball
1-0: Foul Ball, location: 2F
1-1: Foul Ball, location: 2F
1-2: SINGLE (Groundball, 4MD)
Batting: RHB Jim Martin 0-0: Called Strike
0-1: Called Strike
0-2: Ball
1-2: Ball
2-2: Strikes out looking
Bottom of the 1st over - 2 runs, 2 hits, 0 errors, 1 left on base; Tuscaloosa 2 - Waba 2
TOP OF THE 2ND
Tuscaloosa Trout Slayers batting - Pitching for Waba Ducks : RHP Larry Stewart
Batting: SHB António Ramírez 0-0: Ball
1-0: DOUBLE (Line Drive, 89D)
Batting: RHB Claudio Gonzáles 0-0: Called Strike
0-1: Fly out, F9 (Flyball, 9)
Batting: RHB José Pinto 0-0: Ball
1-0: Ball
2-0: Ball
3-0: Called Strike
3-1: Foul Ball, location: 2F
3-2: Base on Balls
Batting: RHB José Fernández 0-0: Ball
1-0: Foul Ball, location: 2F
1-1: Foul Ball, location: 2F
1-2: SINGLE (Groundball, 6MD)
António Ramírez to third
José Pinto to second
Runner from 3rd tries for Home, SAFE, no throw
Pitching: LHP Kai-ge Hui
Batting: LHB Manuel Ortega 0-0: Foul Ball, location: 2F
0-1: Ball
1-1: Ball
2-1: Foul Ball, location: 2F
2-2: Foul Ball, location: 2F
2-2: Foul Ball, location: 2F
2-2: Foul Ball, location: 2F
2-2: Ball
3-2: Fly out, F6 (Line Drive, 6M)
Batting: LHB Ed Hart 0-0: Called Strike
0-1: Foul Ball, location: 2F
0-2: Ball
1-2: Foul Ball, location: 2F
1-2: Foul Ball, location: 2F
1-2: Strikes out swinging
Top of the 2nd over - 1 run, 2 hits, 0 errors, 2 left on base; Tuscaloosa 3 - Waba 2
BOTTOM OF THE 2ND
Waba Ducks batting - Pitching for Tuscaloosa Trout Slayers : RHP Rafael Ramírez
Batting: RHB Lynn Johnson 0-0: Ball
1-0: Ball
2-0: Foul Ball, location: 2F
2-1: Ball
3-1: Called Strike
3-2: Base on Balls
Batting: RHB Jorge Castillo 0-0: Ball
1-0: Fly out, F8 (Flyball, 8RS)
Batting: LHB Yuan-zhang Ge 0-0: Ball
1-0: Swinging Strike
1-1: Ball
2-1: Foul Ball, location: 2F
2-2: SINGLE (Line Drive, 56D)
Lynn Johnson to second
Batting: SHB António Cortéz 0-0: Called Strike
0-1: Swinging Strike
0-2: Fly out, F4 (Popup, 34D)
Batting: RHB Jesús Dávila 0-0: Ball
1-0: Ball
2-0: Swinging Strike
2-1: Swinging Strike
2-2: SINGLE (Groundball, 6MD)
Lynn Johnson to third
Yuan-zhang Ge to second
Runner from 3rd tries for Home, SAFE, no throw
Batting: LHB Don Ramey 0-0: Ball
1-0: Ball
2-0: 3-RUN HOME RUN (Flyball, 9LD), Distance : 323 ft
Batting: RHB Pedro Guzmán 0-0: Called Strike
0-1: Ball
1-1: Fly out, F4 (Line Drive, 4)
Bottom of the 2nd over - 4 runs, 3 hits, 0 errors, 0 left on base; Tuscaloosa 3 - Waba 6
TOP OF THE 3RD
Tuscaloosa Trout Slayers batting - Pitching for Waba Ducks : LHP Kai-ge Hui
Batting: LHB Marcos Villarreal 0-0: Foul Ball, location: 2F
0-1: Foul Ball, location: 2F
0-2: Ball
1-2: SOLO HOME RUN (Flyball, 89XD), Distance : 378 ft
Batting: LHB Ethan Shaw 0-0: Called Strike
0-1: Ball
1-1: Ball
2-1: Ball
3-1: Fly out, F6 (Popup, 6M)
Batting: RHB Augusto Baca 0-0: Called Strike
0-1: Swinging Strike
0-2: Strikes out looking
Batting: SHB António Ramírez 0-0: Ball
1-0: Foul Ball, location: 2F
1-1: Ball
2-1: Called Strike
2-2: Ball
3-2: DOUBLE (Line Drive, 78D)
Batting: RHB Claudio Gonzáles 0-0: Called Strike
0-1: Ball
1-1: 2-RUN HOME RUN (Flyball, 7D), Distance : 360 ft
Batting: RHB José Pinto 0-0: SINGLE (Groundball, 6MD)
Batting: RHB José Fernández 0-0: Ball
1-0: Foul Ball, location: 2F
1-1: Ball
2-1: Ball
3-1: Foul Ball, location: 2F
3-2: Ground out 4-3 (Groundball, 4S)
Top of the 3rd over - 3 runs, 4 hits, 0 errors, 1 left on base; Tuscaloosa 6 - Waba 6
BOTTOM OF THE 3RD
Waba Ducks batting - Pitching for Tuscaloosa Trout Slayers : RHP Rafael Ramírez
Batting: SHB Garrett Waller 0-0: Ball
1-0: Called Strike
1-1: Called Strike
1-2: SINGLE (Flyball, 89M)
Batting: RHB Jim Martin 0-0: Called Strike
0-1: Swinging Strike
0-2: Ball
1-2: Foul Ball, location: 2F
1-2: Ball
2-2: Grounds into double play, 6-4-3 (Groundball, 56)
Batting: RHB Lynn Johnson 0-0: Ball
1-0: Bunted foul
1-1: Swinging Strike
1-2: Strikes out looking
Bottom of the 3rd over - 0 runs, 1 hit, 0 errors, 0 left on base; Tuscaloosa 6 - Waba 6
TOP OF THE 4TH
Tuscaloosa Trout Slayers batting - Pitching for Waba Ducks : LHP Kai-ge Hui
Pitching: RHP John Dickson
Batting: LHB Manuel Ortega 0-0: Foul Ball, location: 2F
0-1: Ball
1-1: Foul Ball, location: 2F
1-2: Foul Ball, location: 2F
1-2: Foul Ball, location: 2F
1-2: Foul Ball, location: 2F
1-2: Ball
2-2: Foul Ball, location: 2F
2-2: Ball
3-2: SOLO HOME RUN (Flyball, 89XD), Distance : 381 ft
Batting: LHB Ed Hart 0-0: Ball
1-0: Called Strike
1-1: Called Strike
1-2: Ball
2-2: Strikes out swinging
Batting: LHB Marcos Villarreal 0-0: Ball
1-0: SINGLE (Groundball, 34D)
Batting: LHB Ethan Shaw 0-0: Called Strike
0-1: Foul Ball, location: 2F
0-2: Ball
1-2: Ball
2-2: Strikes out looking
Batting: RHB Augusto Baca 0-0: Ball
1-0: Ball
2-0: Ball
3-0: Called Strike
3-1: DOUBLE (Groundball, 3L)
Marcos Villarreal to third
Runner from 3rd tries for Home, SAFE, no throw
Batting: SHB António Ramírez 0-0: Ball
1-0: Ball
2-0: Foul Ball, location: 2F
2-1: Ball
3-1: Swinging Strike
3-2: Strikes out looking
Top of the 4th over - 2 runs, 3 hits, 0 errors, 1 left on base; Tuscaloosa 8 - Waba 6
BOTTOM OF THE 4TH
Waba Ducks batting - Pitching for Tuscaloosa Trout Slayers : RHP Rafael Ramírez
Batting: RHB Jorge Castillo 0-0: Swinging Strike
0-1: Ball
1-1: Swinging Strike
1-2: Strikes out swinging
Batting: LHB Yuan-zhang Ge 0-0: Called Strike
0-1: Ball
1-1: Swinging Strike
1-2: Strikes out swinging
Batting: SHB António Cortéz 0-0: Called Strike
0-1: Foul Ball, location: 2F
0-2: Ball
1-2: Ball
2-2: Ground out 4-3 (Groundball, 4)
Bottom of the 4th over - 0 runs, 0 hits, 0 errors, 0 left on base; Tuscaloosa 8 - Waba 6
TOP OF THE 5TH
Tuscaloosa Trout Slayers batting - Pitching for Waba Ducks : RHP John Dickson
Batting: RHB Claudio Gonzáles 0-0: Fly out, F5 (Line Drive, 56)
Batting: RHB José Pinto 0-0: Ball
1-0: Called Strike
1-1: Swinging Strike
1-2: Strikes out swinging
Batting: RHB José Fernández 0-0: Ball
1-0: Ball
2-0: Called Strike
2-1: Ball
3-1: Called Strike
3-2: Strikes out swinging
Top of the 5th over - 0 runs, 0 hits, 0 errors, 0 left on base; Tuscaloosa 8 - Waba 6
BOTTOM OF THE 5TH
Waba Ducks batting - Pitching for Tuscaloosa Trout Slayers : RHP Rafael Ramírez
Batting: RHB Jesús Dávila 0-0: Foul Ball, location: 2F
0-1: Ball
1-1: Ball
2-1: Foul Ball, location: 2F
2-2: Foul Ball, location: 2F
2-2: Strikes out looking
Batting: LHB Don Ramey 0-0: Ground out 4-3 (Groundball, 4)
Batting: RHB Pedro Guzmán 0-0: SINGLE (Groundball, 56D)
Pitching: RHP Dave Mitchell
Batting: SHB Garrett Waller 0-0: Swinging Strike
0-1: Called Strike
0-2: Strikes out swinging
Bottom of the 5th over - 0 runs, 1 hit, 0 errors, 1 left on base; Tuscaloosa 8 - Waba 6
TOP OF THE 6TH
Tuscaloosa Trout Slayers batting - Pitching for Waba Ducks : RHP John Dickson
Batting: LHB Manuel Ortega 0-0: Ball
1-0: Ball
2-0: Foul Ball, location: 2F
2-1: Ball
3-1: Base on Balls
Batting: LHB Ed Hart 0-0: Swinging Strike
0-1: Foul Ball, location: 2F
0-2: Foul Ball, location: 2F
0-2: Ball
Wild Pitch!
Manuel Ortega to second
1-2: Strikes out swinging
Batting: LHB Marcos Villarreal 0-0: Called Strike
0-1: 2-RUN HOME RUN (Line Drive, 7LD), Distance : 323 ft
Pitching: LHP Edgardo Guzmán
Batting: LHB Ethan Shaw 0-0: Fly out, F8 (Flyball, 8LS)
Batting: RHB Augusto Baca 0-0: Called Strike
0-1: Foul Ball, location: 2F
0-2: DOUBLE (Line Drive, 78S)
Batting: SHB António Ramírez 0-0: Called Strike
0-1: Ball
1-1: Ball
Balk!
Augusto Baca to third
2-1: Ground out 6-3 (Groundball, 6)
Top of the 6th over - 2 runs, 2 hits, 0 errors, 1 left on base; Tuscaloosa 10 - Waba 6
BOTTOM OF THE 6TH
Waba Ducks batting - Pitching for Tuscaloosa Trout Slayers : RHP Dave Mitchell
Batting: RHB Jim Martin 0-0: SINGLE (Groundball, 56D)
Batting: RHB Lynn Johnson 0-0: Swinging Strike
0-1: Called Strike
0-2: Strikes out swinging
Batting: RHB Jorge Castillo 0-0: Foul Ball, location: 2F
0-1: Called Strike
0-2: Strikes out swinging
Batting: LHB Yuan-zhang Ge 0-0: Ball
1-0: Ball
2-0: Called Strike
2-1: Ball
3-1: Swinging Strike
3-2: Base on Balls
Jim Martin to second
Batting: SHB António Cortéz 0-0: Fly out, F4 (Popup, 34)
Bottom of the 6th over - 0 runs, 1 hit, 0 errors, 2 left on base; Tuscaloosa 10 - Waba 6
TOP OF THE 7TH
Tuscaloosa Trout Slayers batting - Pitching for Waba Ducks : LHP Edgardo Guzmán
Batting: RHB Claudio Gonzáles 0-0: Called Strike
0-1: Foul Ball, location: 2F
0-2: Strikes out looking
Batting: RHB José Pinto 0-0: Ball
1-0: Ground out 4-3 (Groundball, 34D)
Batting: RHB José Fernández 0-0: Ball
1-0: Swinging Strike
1-1: Ball
2-1: Foul Ball, location: 2F
2-2: Strikes out looking
Top of the 7th over - 0 runs, 0 hits, 0 errors, 0 left on base; Tuscaloosa 10 - Waba 6
BOTTOM OF THE 7TH
Waba Ducks batting - Pitching for Tuscaloosa Trout Slayers : RHP Dave Mitchell
Batting: RHB Jesús Dávila 0-0: Ball
1-0: Ball
2-0: Called Strike
2-1: Swinging Strike
2-2: Strikes out swinging
Batting: LHB Don Ramey 0-0: Called Strike
0-1: Ball
1-1: Fly out, F9 (Flyball, 89D)
Batting: RHB Pedro Guzmán 0-0: Ball
1-0: Ball
2-0: SINGLE (Groundball, 56D)
Batting: SHB Garrett Waller 0-0: Called Strike
0-1: Ground out 4-3 (Groundball, 34D)
Bottom of the 7th over - 0 runs, 1 hit, 0 errors, 1 left on base; Tuscaloosa 10 - Waba 6
TOP OF THE 8TH
Tuscaloosa Trout Slayers batting - Pitching for Waba Ducks : LHP Edgardo Guzmán
Batting: LHB Manuel Ortega 0-0: Called Strike
0-1: Called Strike
0-2: Ball
1-2: Ground out 4-3 (Groundball, 34)
Batting: LHB Ed Hart 0-0: Swinging Strike
0-1: Swinging Strike
0-2: Ball
1-2: Foul Ball, location: 2F
1-2: Ball
2-2: Foul Ball, location: 2F
2-2: Ground out 6-3 (Groundball, 6)
Batting: LHB Marcos Villarreal 0-0: Called Strike
0-1: Ball
1-1: Ball
2-1: Foul Ball, location: 2F
2-2: Ball
3-2: Base on Balls
Batting: LHB Ethan Shaw 0-0: Called Strike
0-1: Ball
1-1: Called Strike
1-2: Fly out, F9 (Flyball, 9S)
Top of the 8th over - 0 runs, 0 hits, 0 errors, 1 left on base; Tuscaloosa 10 - Waba 6
BOTTOM OF THE 8TH
Waba Ducks batting - Pitching for Tuscaloosa Trout Slayers : RHP Dave Mitchell
Batting: RHB Jim Martin 0-0: Ball
1-0: Called Strike
1-1: Ball
2-1: Ball
3-1: Fly out, F8 (Flyball, 8RXD)
Batting: RHB Lynn Johnson 0-0: Ball
1-0: Swinging Strike
1-1: Called Strike
1-2: Ball
2-2: Ball
3-2: Foul Ball, location: 2F
3-2: Strikes out swinging
Batting: RHB Jorge Castillo 0-0: DOUBLE (Line Drive, 8LD)
Batting: LHB Yuan-zhang Ge 0-0: Ball
1-0: Ball
2-0: Foul Ball, location: 2F
2-1: Swinging Strike
2-2: Ground out U3 (Groundball, 3L)
Bottom of the 8th over - 0 runs, 1 hit, 0 errors, 1 left on base; Tuscaloosa 10 - Waba 6
TOP OF THE 9TH
Tuscaloosa Trout Slayers batting - Pitching for Waba Ducks : LHP Edgardo Guzmán
Batting: RHB Augusto Baca 0-0: Ball
1-0: Foul Ball, location: 2F
1-1: Ball
2-1: Ball
3-1: Fly out, F8 (Flyball, 8RS)
Batting: SHB António Ramírez 0-0: Foul Ball, location: 2F
0-1: Foul Ball, location: 2F
0-2: Ball
1-2: Strikes out swinging
Batting: RHB Claudio Gonzáles 0-0: Ball
1-0: Foul Ball, location: 2F
1-1: Ball
2-1: Swinging Strike
2-2: Ball
3-2: Strikes out looking
Top of the 9th over - 0 runs, 0 hits, 0 errors, 0 left on base; Tuscaloosa 10 - Waba 6
BOTTOM OF THE 9TH
Waba Ducks batting - Pitching for Tuscaloosa Trout Slayers : RHP Dave Mitchell
Pitching: RHP Will Tyler
Batting: SHB António Cortéz 0-0: Ball
1-0: Ground out 3-1 (Groundball, 34S)
Batting: RHB Jesús Dávila 0-0: Called Strike
0-1: Called Strike
0-2: Foul Ball, location: 2F
0-2: Strikes out looking
Batting: LHB Don Ramey 0-0: Called Strike
0-1: Ball
1-1: Ball
2-1: Called Strike
2-2: Strikes out swinging
Bottom of the 9th over - 0 runs, 0 hits, 0 errors, 0 left on base; Tuscaloosa 10 - Waba 6
Saturday, April 7th, 2018 - OOTP Baseball 18.8 Build 76